 Dungeon Crawl Stone Soup version 0.26.1-2-gb8aa6d0cf2 (webtiles) character file.

Game seed: 10071763637375965744

13612 Descartes the Destroyer (level 11, -10/54 HPs)
             Began as a Deep Elf Conjurer on Feb 19, 2021.
             Was an Elder of Vehumet.
             Splashed by a brown ugly thing's acid (11 damage)
             ... on level 10 of the Dungeon.
             The game lasted 01:23:30 (16988 turns).

Descartes the Destroyer (Deep Elf Conjurer)        Turns: 16988, Time: 01:23:30

Health: -10/54     AC:  0    Str:  6    XL:     11   Next: 77%
Magic:  13/20      EV: 14    Int: 31    God:    Vehumet [****..]
Gold:   893        SH:  0    Dex: 17    Spells: 0/20 levels left

rFire    . . .     SeeInvis +   E - +2 short sword (protect)
rCold    . . .     Faith    .   (no shield)
rNeg     . . .     Spirit   .   a - +0 troll leather armour
rPois    .         Reflect  .   V - +2 helmet
rElec    .         Harm     .   o - scarf {+Inv}
rCorr    .         Rampage  .   (no gloves)
Will     +++..                  P - +0 pair of boots
Stlth    +++.......             w - amulet of magic regeneration
HPRegen  0.58/turn              Z - +6 ring of intelligence
MPRegen  0.42/turn              u - ring of see invisible

@: corroded, hasted, very quick
A: agile 2, strong-willed 2
a: Renounce Religion, Evoke Invisibility


You were on level 10 of the Dungeon.
You worshipped Vehumet.
Vehumet was greatly pleased with you.
You visited 3 branches of the dungeon, and saw 14 of its levels.
You also visited: Sewer.

You collected 893 gold pieces.

Inventory:

Hand Weapons
 B - a +0 dagger of venom
 E - a +2 short sword of protection (weapon)
 U - a +0 shortbow
Missiles
 l - 17 boomerangs
 q - 477 stones
 C - 115 sling bullets
 D - 229 arrows
 H - 18 bolts
 J - 48 poisoned darts
 T - 7 silver boomerangs
Armour
 a - a +0 troll leather armour (worn)
 o - a scarf of invisibility (worn)
 M - a +0 tower shield
 P - a +0 pair of boots (worn)
 V - a +2 helmet (worn)
Jewellery
 f - an uncursed ring of fire
 u - a ring of see invisible (right hand)
 v - an uncursed ring of resist corrosion
 w - an amulet of magic regeneration (around neck)
 G - an uncursed ring of fire
 Z - a +6 ring of intelligence (left hand)
Wands
 i - a wand of flame (26)
 j - a wand of digging (5)
 p - a wand of disintegration (29)
 z - a wand of polymorph (10)
 K - a wand of enslavement (8)
 R - a wand of acid (10)
 X - a wand of iceblast (11)
Scrolls
 b - 3 scrolls of identify
 d - 11 scrolls of remove curse
 h - 4 scrolls of teleportation
 k - 6 scrolls of amnesia
 r - 5 scrolls of fog
 t - 2 scrolls of magic mapping
 F - 2 scrolls of enchant weapon
 N - 4 scrolls of immolation
 O - 2 scrolls of fear
 Q - 2 scrolls of vulnerability
 S - a scroll of summoning
 W - 2 scrolls of enchant armour
Potions
 c - 2 potions of lignification
 e - 3 potions of cancellation
 g - 2 potions of berserk rage
 m - a potion of brilliance
 n - 6 potions of attraction
 s - 6 potions of haste
 y - 2 potions of might
 I - 4 potions of flight
 L - 6 potions of curing
Miscellaneous
 x - a phial of floods
 A - a tin of tremorstones (2/2)


   Skills:
 - Level 5.0 Dodging
 - Level 5.0 Stealth
 + Level 9.5 Shields
 - Level 5.0 Spellcasting
 + Level 13.3 Conjurations
 + Level 6.4 Air Magic
 - Level 5.0 Evocations


You couldn't memorise any spells.
You knew the following spells:

 Your Spells              Type           Power        Failure   Level
a - Magic Dart            Conj           100%         1%          1
b - Searing Ray           Conj           100%         1%          2
c - Dazzling Flash        Conj/Hex       98%          1%          3
d - Fulminant Prism       Conj/Hex       24%          1%          4
e - Iskenderun's Mystic   Conj/Tloc      49%          1%          4
f - Mephitic Cloud        Conj/Pois/Air  48%          1%          3
g - Shock                 Conj/Air       100%         1%          1
h - Swiftness             Air            47%          1%          2

Your spell library contained the following spells:

 Spells                   Type           Power        Failure   Level
 Conjure Flame            Conj/Fire      49%          1%          3
 Static Discharge         Conj/Air       62%          1%          3
 Airstrike                Air            23%          1%          4
 Lightning Bolt           Conj/Air       31%          1%          5
 Inner Flame              Hex/Fire       7%           7%          3
 Corona                   Hex            7%           9%          1
 Slow                     Hex            7%           13%         2
 Portal Projectile        Hex/Tloc       14%          26%         3
 Cause Fear               Hex            3%           63%         4
 Leda's Liquefaction      Hex/Erth       3%           63%         4


Dungeon Overview and Level Annotations

Branches:
Dungeon (12/15)            Temple (1/1) D:6            Lair (1/6) D:8
  Sewer (visited)
    Orc: D:9-12

Altars:
Ashenzari
Cheibriados
Dithmenos
Elyvilon
Fedhas
Gozag
Hepliaklqana
Kikubaaqudgha
Makhleb
Nemelex Xobeh
Okawaru
Qazlal
Ru
Sif Muna
Trog
Uskayaw
Vehumet
Wu Jian
Xom
Yredelemnul
Zin
The Shining One


Innate Abilities, Weirdness & Mutations

You are very agile. (Dex +4)
You are highly strong-willed. (Will++)


Message History

The searing ray hits the brown ugly thing!
The brown ugly thing is severely wounded.
You climb upwards.
There is a stone staircase leading down here.
Casting: Searing Ray (safe; 1% risk of failure)
Confirm with . or Enter, or press ? or * to list all spells.
Aiming: Searing Ray (safe; 1% risk of failure)
Press: ? - help, Shift-Dir - straight line, f - brown ugly thing
Aim: a brown ugly thing (severely wounded, 17% to evade)
The searing ray hits the brown ugly thing!
The brown ugly thing is almost dead. (Press . to maintain the ray.)
The brown ugly thing punches you. The acid corrodes you!
You are splashed with acid!
* * * LOW HITPOINT WARNING * * *
The searing ray misses the brown ugly thing.
The brown ugly thing punches you!
* * * LOW HITPOINT WARNING * * *
You are splashed with acid!
You die...

...###...........#...#.### #.[..#
.###..#..........#.....#.####...#
..>##.#...............#..#.......
^..###....#.##..........#........
...# ###...###......>............
..≈# ##....#............#......>
#### ##...###...........##..#...#
...###.....##...u......#.#.#...#.
................@.....#.####.....
................##.#..##.#...##..
.................#.##..#.##.#.###
................####.##.....##.#
.................###..##....#..#
.........###.....#.##.........###
.........# ###.....#.#.......#.#.
.........# #.....................
####..#### ##........#...........


You could see a brown ugly thing.

Vanquished Creatures
  A two-headed ogre (D:7)
  2 unseen horrors (D:10)
  An ugly thing (D:11)
  A cyclops (D:11)
  A black mamba (D:8)
  Maurice (D:9)
  2 gargoyles (D:12)
  A kobold demonologist (D:12)
  2 hornets (D:10)
  A troll (D:9)
  A meliai zombie (D:12)
  4 slime creatures (D:11)
  2 wraiths
  A shadow (D:12)
  10 yaks
  2 wyverns
  A two-headed ogre zombie (D:12)
  2 wargs (D:7)
  3 water moccasins (D:10)
  An orc warrior (D:8)
  5 sky beasts
  The ghost of execc the Covert, an amateur GnDe (D:3)
  2 ice beasts
  An eye of draining (D:10)
  Purgy (Sewer)
  A necrophage (D:9)
  2 phantoms
  5 ogres
  6 centaurs
  3 bullfrogs
  A water moccasin zombie (D:8)
  2 wyvern skeletons
  6 scorpions
  11 killer bees
  2 oklob saplings (D:10)
  7 wights
  A howler monkey (D:4)
  2 quasits
  2 bullfrog zombies
  10 hounds
  An orc priest (D:3)
  A bullfrog skeleton (D:4)
  3 jellies
  Ijyb (D:3)
  Jessica (D:3)
  Terence (D:2)
  8 orc wizards
  9 worker ants
  A killer bee zombie (D:10)
  An ogre zombie (D:12)
  2 hound skeletons
  2 howler monkey zombies
  2 worker ant zombies (D:9)
  11 gnolls
  18 adders
  3 shadow imps
  3 white imps
  5 ufetubi
  An ooze (D:6)
  An adder zombie (D:7)
  2 adder skeletons
  A dart slug (D:3)
  8 leopard geckos
  34 orcs
  12 bats
  7 giant cockroaches
  8 goblins
  4 hobgoblins
  7 jackals
  7 quokkas
  8 ball pythons
  2 frilled lizards (D:1)
  A hobgoblin zombie (D:12)
  A jackal skeleton (D:4)
  13 kobolds
  2 leopard gecko zombies
  2 orc skeletons (D:12)
  6 orc zombies (D:12)
  2 quokka zombies
  7 rats
320 creatures vanquished.

Vanquished Creatures (others)
  A bush (D:10)
  13 plants
14 creatures vanquished.

Grand Total: 334 creatures vanquished

Notes
Turn   | Place    | Note
-------+----------+-------------------------------------------
     0 | D:1      | Descartes the Deep Elf Conjurer began the quest for the
                  | Orb.
     0 | D:1      | Reached XP level 1. HP: 10/10 MP: 6/6
    68 | D:1      | Reached XP level 2. HP: 15/15 MP: 0/8
   590 | D:1      | Reached skill level 5 in Conjurations
   637 | D:1      | Reached XP level 3. HP: 19/19 MP: 8/10
   977 | D:2      | Noticed Terence
   987 | D:2      | Killed Terence
   988 | D:2      | Reached skill level 5 in Spellcasting
  1289 | D:2      | Found a faded altar of an unknown god.
  1364 | D:2      | Reached XP level 4. HP: 24/24 MP: 9/13
  1880 | D:3      | Noticed Ijyb
  1889 | D:3      | Killed Ijyb
  1947 | D:3      | Reached skill level 1 in Evocations
  2145 | D:3      | Learned a level 2 spell: Searing Ray
  2149 | D:3      | Learned a level 3 spell: Dazzling Flash
  2154 | D:3      | Learned a level 4 spell: Fulminant Prism
  2304 | D:3      | Reached XP level 5. HP: 24/28 MP: 8/14
  2491 | D:3      | Noticed Jessica
  2495 | D:3      | Killed Jessica
  2691 | D:3      | Learned a level 4 spell: Iskenderun's Mystic Blast
  2732 | D:3      | Found a runed translucent door.
  2964 | D:3      | Noticed execc's ghost (amateur GnDe)
  3069 | D:4      | Found a glowing drain.
  3072 | D:4      | Reached XP level 6. HP: 32/32 MP: 7/15
  3093 | Sewer    | Entered a sewer
  3223 | Sewer    | Noticed Purgy
  3257 | Sewer    | Killed Purgy
  3875 | D:4      | Reached skill level 6 in Conjurations
  4429 | D:4      | Found a stormy altar of Qazlal.
  4507 | D:4      | Reached XP level 7. HP: 36/36 MP: 9/16
  5258 | D:3      | Killed execc's ghost
  5259 | D:3      | Reached skill level 5 in Stealth
  5521 | D:5      | Entered Level 5 of the Dungeon
  5852 | D:5      | Found an ornate altar of the Wu Jian Council.
  6035 | D:5      | Reached skill level 1 in Shields
  6112 | D:5      | Reached skill level 5 in Dodging
  6625 | D:6      | Found a staircase to the Ecumenical Temple.
  6636 | Temple   | Entered the Ecumenical Temple
  6749 | Temple   | Became a worshipper of Vehumet
  6849 | D:6      | Reached XP level 8. HP: 41/41 MP: 15/17
  6881 | D:6      | Reached skill level 7 in Conjurations
  7148 | D:6      | Reached skill level 5 in Evocations
  7818 | D:6      | Reached skill level 8 in Conjurations
  8240 | D:7      | Noticed a two-headed ogre
  8250 | D:7      | Killed a two-headed ogre
  8251 | D:7      | Reached skill level 5 in Shields
  8251 | D:7      | Reached skill level 9 in Conjurations
  8251 | D:7      | Reached XP level 9. HP: 17/45 MP: 6/18
  8715 | D:7      | Reached * piety under Vehumet
  8715 | D:7      | Offered knowledge of Freeze by Vehumet.
  8942 | D:7      | Got a faintly glowing ring mail
  8953 | D:7      | Identified the +0 ring mail "Beegonoe" {rF+ Dex+3} (You
                  | found it on level 7 of the Dungeon)
  9436 | D:8      | Reached skill level 10 in Conjurations
 10252 | D:8      | Found a staircase to the Lair.
 10329 | D:8      | Reached XP level 10. HP: 25/50 MP: 9/19
 10847 | D:8      | Reached ** piety under Vehumet
 10847 | D:8      | Offered knowledge of Sandblast by Vehumet.
 11187 | D:8      | Reached skill level 11 in Conjurations
 11825 | D:9      | Gained mutation: You are strong-willed. (Will+) [potion of
                  | mutation]
 11825 | D:9      | Gained mutation: You are highly strong-willed. (Will++)
                  | [potion of mutation]
 11825 | D:9      | Gained mutation: You are agile. (Dex +2) [potion of
                  | mutation]
 11825 | D:9      | Gained mutation: You are very agile. (Dex +4) [potion of
                  | mutation]
 11869 | D:9      | Noticed Maurice
 11882 | D:9      | Killed Maurice
 12209 | D:10     | Entered Level 10 of the Dungeon
 12271 | D:10     | Offered knowledge of Mephitic Cloud by Vehumet.
 12276 | D:10     | Learned a level 3 spell: Mephitic Cloud
 12280 | D:9      | Learned a level 1 spell: Shock
 12392 | D:10     | Reached skill level 1 in Air Magic
 12456 | D:10     | Noticed an unseen horror
 12460 | D:10     | Killed an unseen horror
 12501 | D:10     | Reached skill level 12 in Conjurations
 12555 | D:9      | Reached *** piety under Vehumet
 12749 | D:10     | Reached XP level 11. HP: 43/54 MP: 13/20
 12768 | D:10     | Learned a level 2 spell: Swiftness
 12972 | D:10     | Offered knowledge of Inner Flame by Vehumet.
 13061 | D:10     | Noticed an unseen horror
 13086 | D:10     | Killed an unseen horror
 13586 | D:10     | Found a blossoming altar of Fedhas.
 13699 | D:10     | Paralysed by a hornet for 1 turns
 13805 | D:11     | Noticed a cyan ugly thing
 13815 | D:11     | Killed a cyan ugly thing
 13996 | Lair:1   | Entered Level 1 of the Lair of Beasts
 14257 | D:8      | Reached skill level 5 in Air Magic
 15201 | D:11     | Reached **** piety under Vehumet
 15295 | D:11     | Offered knowledge of Conjure Flame by Vehumet.
 15776 | D:11     | Reached skill level 13 in Conjurations
 16594 | Lair:1   | Noticed a five-headed hydra
 16842 | D:12     | Noticed a brown ugly thing
 16845 | D:12     | Noticed a two-headed ogre
 16988 | D:10     | HP: 1/54 [brown ugly thing (8)]
 16988 | D:10     | Splashed by a brown ugly thing's acid

Illustrated notes

Levels and vault maps discovered:
D:1:      lemuel_arrival_rhombus, layout_rooms
D:2:      wander_river, layout_loops_ring,
          chequers_ecumenical_altar_simple_redux, uniq_terence
D:3:      layout_rooms, ebering_ghost_inner_flame, minmay_misc_feat_iff,
          uniq_jessica, uniq_ijyb
D:4:      minmay_wonky_spiral, layout_layer_cave, portal_sewer_entry_f,
          nicolae_qazlal_general_emergency
D:5:      layout_rooms, nzn_wu_jian_contemplation
D:6:      layout_loops_ring, minmay_temple_entry_wispy
D:7:      layout_cave_pools
D:8:      layout_cave_pools, erik_lair_orcish_takeover, lightli_orcish_oven
D:9:      layout_cave_pools, uniq_maurice
D:10:     layout_big_octagon, introduction_to_nature_2
D:11:     layout_irregular_city
D:12:     layout_roguey, zombieorc2_lemuel
Temple:   grunt_wide_crystal_templ
Lair:1:   layout_regular_city, grunt_megastairs_5, uniq_gastronok

Skill      XL: |  1  2  3  4  5  6  7  8  9 10 11 |
---------------+----------------------------------+-----
Spellcasting   | 4 5 |  5.0
Conjurations   | 5 6 9 10 12 13 | 13.3
Evocations     | 1 2 3 4 5 |  5.0
Dodging        | 3 4 5 |  5.0
Stealth        | 3 4 5 |  5.0
Shields        | 2 5 6 8 9 |  9.5
Air Magic      | 3 6 |  6.4

Action                   |  1- 3 |  4- 6 |  7- 9 | 10-12 || total
-------------------------+-------+-------+-------+-------++-------
Melee: Dagger            |       |     3 |       |       ||     3
       Short sword       |       |       |       |     2 ||     2
 Cast: Magic Dart        |    64 |   150 |   166 |   177 ||   557
       Searing Ray       |       |     1 |    57 |   141 ||   199
       Dazzling Flash    |       |       |       |     4 ||     4
       Shock             |       |       |       |    23 ||    23
Evoke: Wand              |       |     3 |       |       ||     3
  Use: Scroll            |       |     7 |    13 |    10 ||    30
       Potion            |       |     1 |       |    14 ||    15
Armor: Robe              |     2 |       |       |       ||     2
       Leather armour    |       |    14 |     7 |       ||    21
       Ring mail         |       |       |     6 |     3 ||     9
       Troll leather arm |       |       |       |    52 ||    52
Dodge: Dodged            |     3 |    16 |    44 |   153 ||   216
